 Dungeon Crawl Stone Soup version 0.31.0-12-g77e489cdc1 (webtiles) character file.

Game seed: 17864950443703770912

23 112233 the Twirler (level 3, -1/25 HPs)
             Began as an Octopode Gladiator on Feb 14, 2024.
             Slain by a goblin
             ... wielding a +0 club
             ... led by Robin
              (3 damage)
             ... on level 2 of the Dungeon.
             The game lasted 00:00:44 (746 turns).

112233 the Twirler (Octopode Gladiator)              Turns: 746, Time: 00:00:44

Health: -1/25      AC:  1    Str: 13    XL:     3   Next: 0%
Magic:  3/3        EV: 14    Int: 10    God:
Gold:   59         SH:  0    Dex: 15    Spells: 2/2 levels left

rFire   . . .        a - +0 quarterstaff
rCold   . . .        (shield currently unavailable)
rNeg    . . .        b - +0 hat
rPois   .            (no amulet)
rElec   .            (no ring)
rCorr   .            (no ring)
SInv    .            (no ring)
Will    .....        (no ring)
Stlth   ++           (no ring)
HPRegen 0.24/turn    (no ring)
MPRegen 0.08/turn    (no ring)
                     (no ring)

%: no passive effects
@: no status effects
A: almost no armour, amphibious, 8 rings, camouflage 1, gelatinous body 1,
(nimble swimmer 1), tentacles
a: no special abilities


You were on level 2 of the Dungeon.
You visited 1 branch of the dungeon, and saw 2 of its levels.

You collected 59 gold pieces.

Inventory:

Hand Weapons
 a - a +0 quarterstaff (weapon)
Missiles
 c - 3 throwing nets (quivered)
 d - a javelin
Armour
 b - a +0 hat (worn)
Scrolls
 e - a scroll of noise {unknown}
 f - a scroll of enchant armour {unknown}
 g - a scroll of revelation {unknown}
 i - a scroll of vulnerability {unknown}
 j - a scroll of teleportation {unknown}
Potions
 h - a potion of might {unknown}


   Skills:
 + Level 2.3 Fighting
 * Level 3.5 Staves
 - Level 2.0 Throwing
 + Level 3.2 Dodging


You had 2 spell levels left.
You didn't know any spells.
Your spell library was empty.

Dungeon Overview and Level Annotations

Branches:
Dungeon (2/15)

Altars:

Annotations:
D:2 Robin


Innate Abilities, Weirdness & Mutations

You cannot wear most types of armour.
You are amphibious.
You can wear up to eight rings at the same time.
Your skin changes colour to match your surroundings (Stealth+).
Your rubbery body absorbs attacks. (AC +1, EV +1)
((You are camouflaged when in or above water. (Stealth+)))
You have tentacles for arms and can constrict up to eight enemies at once.


Message History

You feel agile. x2
Unknown command.
A goblin comes into view.
It is wielding a +0 club. 3 goblins come into view.
There are monsters nearby!
A goblin comes into view. It is wielding a +1 dagger of venom.
There are monsters nearby!
Robin, 2 hobgoblins, 3 goblins and a bat come into view.
Robin is wielding a +0 mace and wearing a +0 helmet of see invisible.
Robin shouts!
The goblin shouts! x3; You hear a shout!
The goblin moves out of view.
You hear a shout!
There are monsters nearby!
You closely miss the goblin.
The hobgoblin shouts!
The goblin shouts!
The hobgoblin shouts!
Your grab misses the goblin. Your squeeze misses the goblin.
You hear a shout!
The bat hits you but does no damage. Robin throws the goblin at you!
A hobgoblin comes into view.
The goblin hits you with a +0 club. The goblin closely misses you.
There are monsters nearby!
You hit the goblin. You grab the goblin.
The goblin is moderately wounded.
You constrict the goblin. The bat hits you but does no damage.
Robin throws the goblin at you! The goblin barely misses you.
The goblin closely misses you. The goblin hits you with a +0 dagger.
The goblin hits you with a +0 club.
There are monsters nearby!
Unknown command.
You hit the bat.
You kill the bat!
You constrict the goblin.
You kill the goblin!
Robin throws the goblin at you! The goblin closely misses you.
The goblin hits you with a +0 dagger.
* * * LOW HITPOINT WARNING * * *
The goblin hits you with a +0 club.
* * * LOW HITPOINT WARNING * * *
The goblin hits you with a +0 club.
You die...

...# ...# .. ..# ...
... #.# #.# # #.#+###
#.# .# #.....#
#.####.####.
#.....####..)gg......
#...........†@gg.....
#.....######.#g..####
#<....# #g#...#
##..†.# #.#...#
......# #.##gg#
+......... ..g


.gg #....##### ... .#.. #....# ... .#... #....# You could see Robin, 2
hobgoblins and 7 goblins.

Vanquished Creatures
  2 dart slugs
  2 giant cockroaches (D:1)
  4 goblins
  A hobgoblin (D:1)
  2 kobolds (D:1)
  2 ball pythons (D:1)
  6 bats
  A frilled lizard (D:1)
  2 rats (D:1)
22 creatures vanquished.

Notes
Turn   | Place    | Note
-------+----------+-------------------------------------------
     0 | D:1      | 112233 the Octopode Gladiator began the quest for the Orb.
     0 | D:1      | Reached XP level 1. HP: 14/14 MP: 1/1
    79 | D:1      | Reached XP level 2. HP: 19/19 MP: 2/2
   107 | D:1      | Found a faded altar of an unknown god.
   733 | D:2      | Reached XP level 3. HP: 25/25 MP: 3/3
   743 | D:2      | Noticed Robin
   746 | D:2      | Slain by a goblin

Illustrated notes

Levels and vault maps discovered:
D:1:      wheals_arrival_linesprint, layout_basic,
          chequers_ecumenical_altar_simple, chequers_big_river,
          amcnicky_mini_corridor_feature
D:2:      layout_basic, uniq_robin

Action                     || total
---------------------------++-------
  Melee: Quarterstaff      ||    39
         Constrict         ||    11
         Tentacles         ||     3
   Stab: Sleeping          ||     7
         Distracted        ||     1
 Armour: Skin              ||    24
  Dodge: Dodged            ||    28
